 Dungeon Crawl Stone Soup version 0.21.1-1-g345015f (webtiles) character file.

9 Iko the Sneak (level 2, 0/15 HPs)
             Began as a Gargoyle Enchanter on May 4, 2018.
             Was a Follower of Lugonu.
             Slain by a worker ant (3 damage)
             ... on level 6 of the Dungeon.
             The game lasted 00:08:19 (702 turns).

Iko the Sneak (Gargoyle Enchanter)                   Turns: 702, Time: 00:08:20

Health: 0/15       AC:  7    Str: 11    XL:     2   Next: 12%
Magic:  3/5        EV: 12    Int: 15    God:    Lugonu [*.....]
Gold:   64         SH:  0    Dex: 10    Spells: 1/5 levels left

rFire    . . .     SeeInvis .   a - +1 dagger
rCold    . . .     Gourm    .   (no shield)
rNeg     + . .     Faith    .   b - +0 robe
rPois    ∞         Spirit   .   (no helmet)
rElec    +         Reflect  .   (no cloak)
rCorr    .         Harm     .   g - +0 pair of gloves
MR       +....                  (no boots)
Stlth    ++........             (no amulet)
HPRegen  0.05/turn              (no ring)
MPRegen  0.09/turn              (no ring)

@: no status effects
A: thin metallic scales 1, magic resistance 1, negative energy resistance 1,
electricity resistance, wild magic 1, unbreathing, petrification resistance, rot
immunity, AC +2
a: Depart the Abyss, Renounce Religion


You were on level 6 of the Dungeon.
You worshipped Lugonu.
Lugonu was aware of your devotion.
You were not hungry.

You visited 2 branches of the dungeon, and saw 7 of its levels.

You collected 64 gold pieces.

Inventory:

Hand Weapons
 a - a +1 dagger (weapon)
Armour
 b - a +0 robe (worn)
 g - a +0 pair of gloves (worn)
Books
 c - a book of Maledictions

   Spells                             Type                      Level
   a - Corona                         Hexes                        1
   b - Ensorcelled Hibernation        Hexes/Ice                    2
   c - Confuse                        Hexes                        3
   d - Tukima's Dance                 Hexes                        3
   e - Dazzling Spray                 Conjuration/Hexes            3
 e - a book of Air

   Spells                             Type                      Level
   a - Shock                          Conjuration/Air              1
   b - Swiftness                      Charms/Air                   2
   c - Static Discharge               Conjuration/Air              3
   d - Airstrike                      Air                          4
   e - Lightning Bolt                 Conjuration/Air              5
Comestibles
 d - 3 rations


   Skills:
 + Level 0.8 Short Blades
 + Level 1.6 Dodging
 + Level 3.4 Stealth
 + Level 2.1 Spellcasting
 + Level 2.9 Hexes


You had one spell level left.
You knew the following spells:

 Your Spells              Type           Power        Failure   Level  Hunger
a - Ensorcelled Hibernat  Hex/Ice        #.....       26%         2    ###....
b - Swiftness             Chrm/Air       #.......     41%         2    ###....


Dungeon Overview and Level Annotations

Branches:
Dungeon (6/15)             Temple (1/1) D:5

Altars:
Ashenzari
Hepliaklqana
Makhleb
Nemelex Xobeh
Trog
Uskayaw
Vehumet
The Shining One
Lugonu

Annotations:
D:4 Iko's ghost, weakling TrAE


Innate Abilities, Weirdness & Mutations

You are resistant to torment.
Your stone body is resilient. (AC +2)
You are immune to poison.
You resist negative energy. (rN+)
You are resistant to electric shocks. (rElec)
You can survive without breathing.
You are immune to petrification.
You are immune to rotting.
You are partially covered in thin metallic scales. (AC +2)
You are resistant to hostile enchantments. (MR+)
Your spells are a little harder to cast, but a little more powerful.


Message History

You closely miss the worker ant.
The worker ant bites you but does no damage.
You barely miss the worker ant.
The worker ant bites you but does no damage.
You closely miss the worker ant. The worker ant bites you.
You hit the worker ant but do no damage.
The worker ant bites you. The shadow imp closely misses you.
The worker ant waves its antennae.
The worker ant bites you.
Casting: Ensorcelled Hibernation
Confirm with . or Enter, or press ? or * to list all spells.
Aiming: Ensorcelled Hibernation
Press: ? - help, Shift-Dir - straight line, f - shadow imp
Aim: a shadow imp (not susceptible)
The shadow imp is unaffected.
The shadow imp gestures at you. Pain shoots through your body!
* * * LOW HITPOINT WARNING * * *
The worker ant bites you.
You die...

..< ... ... #.#
#.# ###.#
#######.#a#####
.........@5...###
#####..........
#######.#.###.###
........#.# #
#########.# #.#
... ###


You could see a worker ant and a shadow imp.

Vanquished Creatures
  A giant cockroach (D:1)
  2 goblins (D:1)
  A hobgoblin (D:1)
  3 bats
  2 kobolds (D:1)
9 creatures vanquished.

Notes
Turn   | Place    | Note
-------+----------+-------------------------------------------
     0 | D:1      | Iko the Gargoyle Enchanter began the quest for the Orb.
     0 | D:1      | Reached XP level 1. HP: 10/10 MP: 3/3
    50 | D:1      | Gained mutation: You are resistant to hostile enchantments. (MR+) [potion of mutation]
    50 | D:1      | Gained mutation: Your spells are a little harder to cast, but a little more powerful. [potion of mutation]
    50 | D:1      | Gained mutation: You are partially covered in thin metallic scales. (AC +2) [potion of mutation]
   245 | D:1      | Learned a level 1 spell: Corona
   272 | D:1      | Reached XP level 2. HP: 15/15 MP: 5/5
   317 | D:2      | Learned a level 2 spell: Ensorcelled Hibernation
   500 | D:4      | Learned a level 2 spell: Swiftness
   517 | D:4      | Noticed Iko's ghost (weakling TrAE)
   532 | D:5      | Entered Level 5 of the Dungeon
   546 | D:5      | Found a staircase to the Ecumenical Temple.
   563 | Temple   | Entered the Ecumenical Temple
   659 | Temple   | Became a worshipper of Lugonu the Unformed
   659 | Temple   | Reached * piety under Lugonu
   702 | D:6      | Slain by a worker ant

Action                   || total
-------------------------++-------
Melee: Dagger            ||    50
 Cast: Corona            ||     5
       Ensorcelled Hiber ||     1
  Use: Scroll            ||     3
       Potion            ||     4
Armor: Robe              ||    38
Dodge: Dodged            ||    40
